[Event "GER-ch Youth-U10 2022"]
[Site "Willingen"]
[Date "2022.06.09"]
[Round "8.8"]
[White "Sheng, Ming"]
[Black "Peglau, Paul David"]
[Result "1/2-1/2"]
[ECO "B34"]
[WhiteElo "1258"]
[BlackElo "1623"]
[Annotator "NA RC COMBH"]
[PlyCount "78"]
[EventDate "2022.06.05"]
[EventType "swiss"]
[EventRounds "11"]
[EventCountry "GER"]
[SourceTitle "playchess.com"]
[Source "ChessBase"]
[SourceQuality "1"]
[TimeControl "40/4500+30:900+30"]

1. e4 c5 2. Nf3 Nc6 3. d4 cxd4 4. Nxd4 g6 5. Nc3 Bg7 6. Be3 Nf6 7. Nxc6 bxc6 8. e5 Nd5 9. Nxd5 cxd5 10. Qxd5 Rb8 11. Bxa7 Rxb2 12. Bd4 Rxc2 13. Bd3 Rc6 14. O-O O-O 15. a4 Qc7 16. Bb5 Re6 17. Rfc1 Qb8 18. Bxd7 Bxd7 19. Qxd7 Rd8 20. Qa7 Qxa7 21. Bxa7 Bxe5 22. Ra2 Ra6 23. Bc5 Rda8 24. Bxe7 Rxa4 25. Rxa4 Rxa4 26. g3 Ra1 27. Rxa1 Bxa1 28. Kg2 f5 29. Kf3 Kf7 30. Bc5 Kf6 31. Ke3 Kg5 32. Be7+ Kg4 33. h4 Be5 34. Bg5 Bc7 35. Ke2 f4 36. gxf4 Bxf4 37. f3+ Kg3 38. Bxf4+ Kxf4 39. Kf2 Ke5 1/2-1/2

[Event "GER-ch Youth-U10 2022"]
[Site "Willingen"]
[Date "2022.06.09"]
[Round "8.9"]
[White "Vartanian, Roman"]
[Black "Lee, Ho In"]
[Result "1/2-1/2"]
[ECO "D07"]
[WhiteElo "1511"]
[BlackElo "1396"]
[Annotator "NA RC COMBH"]
[PlyCount "100"]
[EventDate "2022.06.05"]
[EventType "swiss"]
[EventRounds "11"]
[EventCountry "GER"]
[SourceTitle "playchess.com"]
[Source "ChessBase"]
[SourceQuality "1"]
[TimeControl "40/4500+30:900+30"]

1. Nf3 d5 2. c4 e6 3. e3 Nf6 4. Nc3 Nc6 5. d4 Be7 6. Be2 dxc4 7. Bxc4 O-O 8. O-O b6 9. a3 Bb7 10. Be2 Rc8 11. Qc2 a6 12. b3 Nd5 13. Nxd5 Qxd5 14. Bd3 h6 15. Bb2 Nb8 16. Rfd1 b5 17. b4 Qc6 18. Qxc6 Nxc6 19. Rac1 Bf6 20. Be4 Nd8 21. Bxb7 Nxb7 22. Rc6 a5 23. Rdc1 Bd8 24. Rb6 cxb6 25. Rxc8 Nd6 26. Rc2 Bf6 27. g3 Nc4 28. Bc1 a4 29. Nd2 Rc8 30. Nxc4 Rxc4 31. Rxc4 bxc4 32. Bb2 b5 33. Kg2 Kh7 34. Kf3 g5 35. g4 Kg6 36. Ke4 h5 37. h3 hxg4 38. hxg4 Bg7 39. f4 Bf6 40. Kf3 Bg7 41. e4 f5 42. exf5+ exf5 43. gxf5+ Kxf5 44. fxg5 Kxg5 45. Ke4 Kg4 46. Ba1 Bf6 47. Bb2 Bg7 48. Bc3 Bf6 49. Kd5 Kf4 50. Ke6 Bh8 1/2-1/2

[Event "GER-ch Youth-U10 2022"]
[Site "Willingen"]
[Date "2022.06.09"]
[Round "8.10"]
[White "Gersemann, Karl"]
[Black "Rohatgi, Kushagra"]
[Result "1-0"]
[ECO "B41"]
[WhiteElo "1620"]
[BlackElo "1222"]
[Annotator "NA RC COMBH"]
[PlyCount "89"]
[EventDate "2022.06.05"]
[EventType "swiss"]
[EventRounds "11"]
[EventCountry "GER"]
[SourceTitle "playchess.com"]
[Source "ChessBase"]
[SourceQuality "1"]
[TimeControl "40/4500+30:900+30"]

1. e4 c5 2. Nf3 e6 3. d4 cxd4 4. Nxd4 a6 5. c4 Nf6 6. Nc3 Qc7 7. Be3 d6 8. Be2 Be7 9. O-O O-O 10. Rc1 Nbd7 11. f3 b6 12. b4 Bb7 13. Qd2 Rac8 14. a4 Rfe8 15. Nb3 Qb8 16. Rfd1 Red8 17. a5 bxa5 18. Nxa5 Ba8 19. Rb1 Qc7 20. Qa2 Rb8 21. b5 Nc5 22. bxa6 Nxa6 23. Nb5 Qd7 24. e5 Ne8 25. exd6 Bxd6 26. Nxd6 Rxb1 27. Qxb1 Nxd6 28. c5 Qc7 29. cxd6 Qc8 30. Bb6 Rd7 31. Bb5 Nc5 32. Bxc5 Qxc5+ 33. Kh1 Rxd6 34. Rc1 Qb6 35. Nc4 Qd8 36. Nxd6 g6 37. Rc8 Qxc8 38. Nxc8 Kg7 39. Qb2+ f6 40. Qd4 Bd5 41. Qa7+ Kh6 42. Nd6 f5 43. Ne8 e5 44. h4 Kh5 45. Qxh7# 1-0

[Event "GER-ch Youth-U10 2022"]
[Site "Willingen"]
[Date "2022.06.09"]
[Round "8.11"]
[White "Allen, Phillipp"]
[Black "Junge, Mattheo Gabriel"]
[Result "1-0"]
[ECO "C60"]
[WhiteElo "1467"]
[BlackElo "1132"]
[Annotator "NA RC COMBH"]
[PlyCount "71"]
[EventDate "2022.06.05"]
[EventType "swiss"]
[EventRounds "11"]
[EventCountry "GER"]
[SourceTitle "playchess.com"]
[Source "ChessBase"]
[SourceQuality "1"]
[TimeControl "40/4500+30:900+30"]

1. e4 e5 2. Nf3 Nc6 3. Bb5 Nge7 4. d3 g6 5. O-O Bg7 6. Re1 O-O 7. c3 d6 8. Nbd2 h6 9. Nf1 g5 10. Ng3 Ng6 11. h3 Nce7 12. d4 Nf4 13. Bxf4 exf4 14. Nf1 a6 15. Ba4 b5 16. Bb3 Ng6 17. N3h2 Bb7 18. Qh5 Kh7 19. Ng4 f3 20. g3 Qe7 21. Nfe3 Rh8 22. Nf5 Qf8 23. Nxg7 Qxg7 24. e5 dxe5 25. dxe5 Qf8 26. Bc2 Bc8 27. e6 f5 28. e7 Qg7 29. e8=Q Rxe8 30. Rxe8 fxg4 31. Bxg6+ Qxg6 32. Rh8+ Kg7 33. Rg8+ Kxg8 34. Qxg6+ Kh8 35. Re1 Bd7 36. Re7 1-0

[Event "GER-ch Youth-U10 2022"]
[Site "Willingen"]
[Date "2022.06.09"]
[Round "8.12"]
[White "Rudolph, Simon"]
[Black "Fadeev, Justin Michael"]
[Result "0-1"]
[ECO "B34"]
[WhiteElo "1361"]
[BlackElo "1320"]
[Annotator "NA RC COMBH"]
[PlyCount "52"]
[EventDate "2022.06.05"]
[EventType "swiss"]
[EventRounds "11"]
[EventCountry "GER"]
[SourceTitle "playchess.com"]
[Source "ChessBase"]
[SourceQuality "1"]
[TimeControl "40/4500+30:900+30"]

1. e4 c5 2. Nf3 Nc6 3. d4 cxd4 4. Nxd4 g6 5. Nc3 Bg7 6. Be3 Nf6 7. f3 O-O 8. Qd2 d5 9. exd5 Nxd5 10. Nxc6 bxc6 11. Nxd5 cxd5 12. c3 e5 13. Bb5 d4 14. cxd4 exd4 15. Bf4 Qe7+ 16. Kf2 Bb7 17. Rhe1 Qc5 18. Bd3 Rfe8 19. Rac1 Qb6 20. Bc7 Qf6 21. Rxe8+ Rxe8 22. Bb5 Re3 23. Bg3 Bh6 24. Qc2 d3 25. Qc7 Rxf3+ 26. gxf3 Qxf3+ 0-1

[Event "GER-ch Youth-U10 2022"]
[Site "Willingen"]
[Date "2022.06.09"]
[Round "8.13"]
[White "Teng, David"]
[Black "Belin, Anton"]
[Result "0-1"]
[ECO "C65"]
[WhiteElo "1423"]
[BlackElo "1213"]
[Annotator "NA RC COMBH"]
[PlyCount "74"]
[EventDate "2022.06.05"]
[EventType "swiss"]
[EventRounds "11"]
[EventCountry "GER"]
[SourceTitle "playchess.com"]
[Source "ChessBase"]
[SourceQuality "1"]
[TimeControl "40/4500+30:900+30"]

1. e4 e5 2. Nf3 Nc6 3. Bb5 Nf6 4. O-O Bc5 5. Bxc6 dxc6 6. Nxe5 Nxe4 7. Qe2 Qd5 8. Nd3 O-O 9. Nxc5 Nxc5 10. Nc3 Qd6 11. b3 Bf5 12. Ba3 b6 13. Qe3 Rfe8 14. Qg5 Bxc2 15. Rac1 Re5 16. Qf4 Bd3 17. Rfd1 Re1+ 18. Rxe1 Qxf4 19. Re7 Ba6 20. Rce1 Kf8 21. b4 Nd3 22. R1e2 Nxb4 23. R7e4 Qf5 24. Bxb4+ c5 25. Re1 cxb4 26. Re5 Qc2 27. Nd5 f6 28. Re7 Rd8 29. Nxc7 Qxa2 30. R7e3 Rxd2 31. Ne6+ Kf7 32. Nf4 Rd7 33. Ne6 b3 34. Rg3 g6 35. Rh3 h5 36. Rf3 b2 37. Ng5+ Kg7 0-1

[Event "GER-ch Youth-U10 2022"]
[Site "Willingen"]
[Date "2022.06.09"]
[Round "8.14"]
[White "Kutz, Paul Matti"]
[Black "Chua, Daniel James"]
[Result "1-0"]
[ECO "C60"]
[WhiteElo "1202"]
[BlackElo "1314"]
[Annotator "NA RC COMBH"]
[PlyCount "69"]
[EventDate "2022.06.05"]
[EventType "swiss"]
[EventRounds "11"]
[EventCountry "GER"]
[SourceTitle "playchess.com"]
[Source "ChessBase"]
[SourceQuality "1"]
[TimeControl "40/4500+30:900+30"]

1. e4 e5 2. Nf3 Nc6 3. Bb5 Nge7 4. c3 d6 5. h3 g6 6. d4 Bd7 7. Bg5 Bg7 8. O-O O-O 9. Bxc6 Bxc6 10. dxe5 Bxe4 11. exd6 cxd6 12. Re1 Bxf3 13. Qxf3 f6 14. Qxb7 fxg5 15. Rxe7 Bf6 16. Rxh7 Rb8 17. Qxa7 Qe8 18. Nd2 Rxb2 19. Nf3 Bxc3 20. Nxg5 Qe5 21. Nf7 Kxh7 22. Nxe5+ Kg8 23. Ng4 Bg7 24. Re1 Rfb8 25. Re7 Rb1+ 26. Kh2 R8b7 27. Rxb7 Rxb7 28. Qxb7 Be5+ 29. Nxe5 dxe5 30. a4 g5 31. a5 g4 32. a6 g3+ 33. Kxg3 e4 34. a7 e3 35. a8=R# 1-0

[Event "GER-ch Youth-U10 2022"]
[Site "Willingen"]
[Date "2022.06.09"]
[Round "8.15"]
[White "Tak, Rannveer"]
[Black "Wolf, Noah"]
[Result "0-1"]
[ECO "B26"]
[WhiteElo "1746"]
[BlackElo "1073"]
[Annotator "NA RC COMBH"]
[PlyCount "88"]
[EventDate "2022.06.05"]
[EventType "swiss"]
[EventRounds "11"]
[EventCountry "GER"]
[SourceTitle "playchess.com"]
[Source "ChessBase"]
[SourceQuality "1"]
[TimeControl "40/4500+30:900+30"]

1. e4 c5 2. Nc3 Nc6 3. g3 g6 4. Bg2 Bg7 5. d3 e6 6. Be3 d6 7. Qd2 Rb8 8. Nge2 Nd4 9. Nd1 Ne7 10. Nc1 b6 11. c3 Nb5 12. Bh6 O-O 13. h4 Kh8 14. Bxg7+ Kxg7 15. h5 Ng8 16. hxg6 fxg6 17. Ne3 Bb7 18. Ng4 h5 19. Nh2 Qf6 20. g4 d5 21. gxh5 dxe4 22. hxg6 e3 23. Qxe3 Bxg2 24. Rg1 Bc6 25. Ne2 Rbd8 26. Ng4 Qf3 27. Qxe6 Rde8 28. Qxe8 Rxe8 29. Ne3 Nf6 30. Rg3 Rxe3 31. fxe3 Qh1+ 32. Rg1 Qh4+ 33. Kd2 c4 34. dxc4 Ne4+ 35. Kd3 Nf2+ 36. Kd2 Qxc4 37. Nf4 Bf3 38. Raf1 Ne4+ 39. Kc2 Na3+ 40. Kc1 Qxa2 41. Ne6+ Kg8 42. bxa3 Qd2+ 43. Kb1 Nxc3+ 44. Ka1 Qa2# 0-1

[Event "GER-ch Youth-U10 2022"]
[Site "Willingen"]
[Date "2022.06.09"]
[Round "8.16"]
[White "Van 't Hof, Eric"]
[Black "Fels, Mattis"]
[Result "1-0"]
[ECO "B48"]
[WhiteElo "2081"]
[BlackElo "1395"]
[Annotator "TA"]
[PlyCount "109"]
[EventDate "2022.06.05"]
[EventType "swiss"]
[EventRounds "11"]
[EventCountry "GER"]
[SourceTitle "playchess.com"]
[Source "ChessBase"]
[SourceQuality "1"]
[TimeControl "40/4500+30:900+30"]

1. e4 c5 2. Nf3 e6 3. d4 cxd4 4. Nxd4 Nc6 5. Nc3 Qc7 6. Be3 a6 7. Qd2 b5 8. Nxc6 Qxc6 9. Bd3 {[%emt 0:01:05] B48: Sicilian: Taimanov: 5 Nc3 Qc7 6 Be3 a6 without Be2.} Nf6 10. f3 {[%emt 0:11:37] [#]} d5 $146 (10... Bb7 $11) ({Predecessor:} 10... Bb7 11. O-O Be7 12. a3 O-O 13. Rad1 Rfc8 14. e5 Nd5 15. Nxd5 Qxd5 16. Be4 Qxd2 17. Rxd2 Bxe4 18. fxe4 {1-0 (40) Pons,F (1261)-Jostov,K (1096) LSS email 2013}) 11. O-O-O (11. exd5 $1 $16 exd5 12. Bd4) 11... Bb4 $2 {[%emt 0:04:55] [#]} (11... b4 $1 $11 {and Black is okay.} 12. Ne2 Bb7) 12. e5 $2 (12. Bd4 $1 $18) 12... Nd7 $11 13. Bd4 O-O 14. h4 Nc5 15. a3 (15. Kb1 $11 {remains equal.}) 15... Ba5 $2 (15... Nxd3+ $17 {stays on course.} 16. Qxd3 Be7) 16. Bxc5 $16 Qxc5 17. b4 {[%emt 0:00:35] White is more active.} Bxb4 18. axb4 Qxb4 19. Nb1 {[%emt 0:01:15] Inhibits Qa3+.} Qa4 (19... Qc5 $16) 20. g4 Bd7 21. g5 ({Better is} 21. h5 $18) 21... Rac8 $2 {[%emt 0:01:37] [#]} (21... b4 $1 $14) 22. h5 $1 $18 g6 $2 (22... Kh8 23. Qe3 (23. h6 g6 $16) 23... a5) 23. hxg6 (23. Qh2 $142 Rfe8 24. hxg6) 23... fxg6 24. Qh2 Qf4+ 25. Qxf4 Rxf4 26. Rhf1 (26. Nd2 $142) 26... Bc6 (26... Rh4 $142 27. Rh1 Rxh1 28. Rxh1 a5) 27. Be2 $2 (27. Nc3 $18 {has better winning chances.}) 27... Rf5 $2 (27... a5 $16 {was necessary.}) 28. f4 {[%emt 0:00:25] Black must now prevent Bg4.} Rcf8 29. Rd4 ({But not} 29. Bg4 Rxf4 30. Bxe6+ Kg7 31. Rxf4 Rxf4 $18) 29... Kg7 30. Bd3 R5f7 31. Nc3 h6 $2 (31... Rb8 {is more resistant.} 32. Nd1 a5) 32. gxh6+ Kxh6 33. Rh1+ Kg7 34. Rg1 Rxf4 35. Rxg6+ Kh8 36. Rxf4 Rxf4 37. Rxe6 Bd7 38. Rxa6 b4 39. Nxd5 Rd4 40. Rh6+ Kg7 41. Rh7+ Kf8 42. Rxd7 {[%emt 0:00:28] Intending Bg6 and mate.} b3 43. Nf6 b2+ 44. Kb1 Rxd7 45. Nxd7+ Ke7 46. Bc4 Kxd7 {[%emt 0:00:16][%mdl 4096] Endgame KB-KP} 47. e6+ {[%emt 0:00:12] White mates.} Ke7 48. Kxb2 Kd6 49. Kc3 Ke7 50. Kd4 Kd6 51. c3 Ke7 52. Ke5 Ke8 53. Kf6 Kf8 54. e7+ Ke8 55. Bb5# {[%emt 0:00:07] Weighted Error Value: White=0.53/Black=1.05} 1-0

[Event "GER-ch Youth-U10 2022"]
[Site "Willingen"]
[Date "2022.06.09"]
[Round "8.17"]
[White "Vu, Khoi Nguyen"]
[Black "Wagener, Nicolas"]
[Result "1-0"]
[ECO "B43"]
[WhiteElo "1627"]
[BlackElo "1315"]
[Annotator "NA RC COMBH"]
[PlyCount "121"]
[EventDate "2022.06.05"]
[EventType "swiss"]
[EventRounds "11"]
[EventCountry "GER"]
[SourceTitle "playchess.com"]
[Source "ChessBase"]
[SourceQuality "1"]
[TimeControl "40/4500+30:900+30"]

1. e4 c5 2. Nf3 e6 3. d4 cxd4 4. Nxd4 a6 5. Nc3 Qc7 6. Bd3 Bc5 7. Nb3 Ba7 8. O-O b5 9. Qe2 d6 10. Re1 Nc6 11. Kh1 Bb7 12. Be3 Bxe3 13. Qxe3 Nf6 14. f4 h5 15. h3 h4 16. e5 Nh5 17. Bxb5 d5 18. Bxc6+ Qxc6 19. Na5 d4 20. Nxc6 dxe3 21. Na5 Bc8 22. Rxe3 Nxf4 23. Rf1 Ng6 24. Nc4 O-O 25. Nd6 Rb8 26. b3 Rb6 27. Na4 Rc6 28. c4 Nxe5 29. Nxc8 Nxc4 30. Ne7+ Kh7 31. Re4 g5 32. Nxc6 Nd2 33. Ree1 Nxf1 34. Rxf1 Rc8 35. Rxf7+ Kg6 36. Ne7+ Kxf7 37. Nxc8 Kf6 38. Kg1 Ke5 39. Kf2 Kf4 40. Nc5 e5 41. Ne7 e4 42. Nd5+ Ke5 43. Ne3 a5 44. Nc4+ Kd4 45. Ne6+ Kd5 46. Nxg5 a4 47. bxa4 Kxc4 48. Nxe4 Kb4 49. g4 hxg3+ 50. Kxg3 Kxa4 51. h4 Ka3 52. h5 Kxa2 53. h6 Kb3 54. h7 Kc4 55. h8=Q Kd5 56. Kf4 Kc4 57. Qc8+ Kb5 58. Qc5+ Ka6 59. Qb4 Ka7 60. Nc5 Ka8 61. Qb7# 1-0

[Event "GER-ch Youth-U10 2022"]
[Site "Willingen"]
[Date "2022.06.09"]
[Round "8.18"]
[White "Heitmann, Erik"]
[Black "Wang, Kaiwen"]
[Result "1-0"]
[ECO "C54"]
[WhiteElo "1287"]
[BlackElo "1151"]
[Annotator "NA RC COMBH"]
[PlyCount "55"]
[EventDate "2022.06.05"]
[EventType "swiss"]
[EventRounds "11"]
[EventCountry "GER"]
[SourceTitle "playchess.com"]
[Source "ChessBase"]
[SourceQuality "1"]
[TimeControl "40/4500+30:900+30"]

1. e4 e5 2. Nf3 Nc6 3. Bc4 Bc5 4. c3 Nf6 5. d4 exd4 6. e5 d5 7. Bb5 Ne4 8. cxd4 Bb6 9. O-O O-O 10. Nc3 Bg4 11. Bxc6 bxc6 12. Be3 f5 13. h3 Bh5 14. Qa4 Nxc3 15. bxc3 Bxf3 16. gxf3 f4 17. Bd2 Qd7 18. Kh2 Rf5 19. Rfe1 Qe6 20. Rh1 Rh5 21. Kg2 Qg6+ 22. Kh2 Rf8 23. Rag1 Qh6 24. Kg2 c5 25. Qd7 c6 26. e6 Qg6+ 27. Kh2 Qf5 28. Qxg7# 1-0

[Event "GER-ch Youth-U10 2022"]
[Site "Willingen"]
[Date "2022.06.09"]
[Round "8.19"]
[White "Moskalenko, Michael"]
[Black "Hagn, Tobias"]
[Result "1/2-1/2"]
[ECO "D19"]
[WhiteElo "1266"]
[BlackElo "1337"]
[Annotator "NA RC COMBH"]
[PlyCount "110"]
[EventDate "2022.06.05"]
[EventType "swiss"]
[EventRounds "11"]
[EventCountry "GER"]
[SourceTitle "playchess.com"]
[Source "ChessBase"]
[SourceQuality "1"]
[TimeControl "40/4500+30:900+30"]

1. d4 d5 2. c4 c6 3. Nf3 Nf6 4. Nc3 dxc4 5. a4 Bf5 6. e3 e6 7. Bxc4 Bb4 8. O-O O-O 9. Qe2 Nbd7 10. e4 Bg4 11. e5 Nd5 12. Nxd5 cxd5 13. Bd3 Qb6 14. Bxh7+ Kh8 15. Bd3 f6 16. h3 Bh5 17. Re1 Bxe1 18. Qxe1 Bxf3 19. gxf3 Qxd4 20. Qe2 Nxe5 21. Bc2 Qc4 22. Qd1 Nxf3+ 23. Qxf3 Qxc2 24. Qh5+ Qh7 25. Qg4 Rae8 26. Be3 a6 27. Rc1 f5 28. Qg3 e5 29. Qg2 f4 30. Bd2 f3 31. Qg3 d4 32. Rc7 e4 33. Bf4 Rxf4 34. Qxf4 Qxh3 35. Qg5 Qg2+ 36. Qxg2 fxg2 37. Kxg2 e3 38. fxe3 dxe3 39. Kf1 e2+ 40. Ke1 Kh7 41. Rxb7 Kh6 42. Rd7 Kh5 43. Rxg7 Rb8 44. Rg2 Rxb2 45. Rxe2 Rb1+ 46. Kf2 Ra1 47. Re5+ Kg4 48. Ra5 Kf4 49. Rxa6 Ra2+ 50. Ke1 Ke3 51. Re6+ Kd4 52. Rd6+ Kc5 53. Ra6 Kb4 54. Kd1 Rxa4 55. Rxa4+ Kxa4 1/2-1/2

[Event "GER-ch Youth-U10 2022"]
[Site "Willingen"]
[Date "2022.06.09"]
[Round "8.20"]
[White "Yao, Haiyang"]
[Black "Hellriegel, Hannes"]
[Result "1-0"]
[ECO "C50"]
[WhiteElo "1098"]
[BlackElo "1335"]
[Annotator "NA RC COMBH"]
[PlyCount "149"]
[EventDate "2022.06.05"]
[EventType "swiss"]
[EventRounds "11"]
[EventCountry "GER"]
[SourceTitle "playchess.com"]
[Source "ChessBase"]
[SourceQuality "1"]
[TimeControl "40/4500+30:900+30"]

1. e4 e5 2. Nf3 Nc6 3. Bc4 Nf6 4. Nc3 Bc5 5. h3 d6 6. d3 h6 7. O-O g5 8. Nh2 Qe7 9. Be3 Bb6 10. a4 a6 11. Bxb6 cxb6 12. Bd5 Be6 13. Bxc6+ bxc6 14. d4 Rg8 15. d5 Bd7 16. Qd2 c5 17. h4 Qf8 18. Nf3 Qg7 19. Rae1 gxh4 20. Nxh4 Bh3 21. f3 Qg5 22. Qxg5 Rxg5 23. Re2 Nh5 24. Rff2 Bc8 25. Kh2 Bd7 26. b3 Rc8 27. Nd1 b5 28. a5 Rb8 29. Ne3 Ke7 30. Nef5+ Kf8 31. Nxd6 Nf4 32. Rd2 Rh5 33. g3 Ng6 34. Ndf5 Bxf5 35. exf5 Nxh4 36. gxh4 Rxh4+ 37. Kg3 Rf4 38. Rh2 Kg7 39. d6 Rd8 40. Rd5 Rxf5 41. Rhd2 c4 42. Rc5 cxb3 43. cxb3 Rf6 44. d7 Re6 45. Rc8 Rg6+ 46. Kf2 Rxd7 47. Rxd7 h5 48. Rcc7 Rf6 49. Kg3 Rg6+ 50. Kh4 Rf6 51. Re7 Rxf3 52. Rxe5 Kf6 53. Ree7 Rxb3 54. Rxf7+ Ke5 55. Ra7 Rb4+ 56. Kxh5 Rc4 57. Rxa6 Rc1 58. Rb6 Rh1+ 59. Kg6 Rg1+ 60. Kh7 Rh1+ 61. Kg8 Rg1+ 62. Rg7 Ra1 63. Rxb5+ Kf6 64. Rb6+ Kf5 65. a6 Rc1 66. a7 Rc8+ 67. Kh7 Ra8 68. Rb8 Rxa7 69. Rxa7 Kg4 70. Rb5 Kf4 71. Ra4+ Ke3 72. Rb3+ Kd2 73. Ra2+ Kc1 74. Rbb2 Kd1 75. Rb1# 1-0

[Event "GER-ch Youth-U10 2022"]
[Site "Willingen"]
[Date "2022.06.09"]
[Round "8.21"]
[White "Svanidze, Alexander"]
[Black "Classen, Marnin"]
[Result "0-1"]
[ECO "C01"]
[WhiteElo "1348"]
[BlackElo "1168"]
[Annotator "NA RC COMBH"]
[PlyCount "56"]
[EventDate "2022.06.05"]
[EventType "swiss"]
[EventRounds "11"]
[EventCountry "GER"]
[SourceTitle "playchess.com"]
[Source "ChessBase"]
[SourceQuality "1"]
[TimeControl "40/4500+30:900+30"]

1. e4 e6 2. d4 d5 3. exd5 exd5 4. Bd3 Bd6 5. Nf3 Nf6 6. O-O O-O 7. Bg5 h6 8. Bh4 Bg4 9. Nc3 c6 10. h3 Bh5 11. Re1 Nbd7 12. Be2 Qc7 13. Nd2 Bxe2 14. Nxe2 Rfe8 15. Bg3 Re7 16. Bxd6 Qxd6 17. Ng3 Rxe1+ 18. Qxe1 Re8 19. Qf1 Qb4 20. Nb3 a5 21. c3 Qb6 22. Rb1 Ne4 23. Nxe4 Rxe4 24. Qd3 Nf6 25. Nc5 Re7 26. Qf5 Qc7 27. b4 axb4 28. Rxb4 Re1# 0-1

[Event "GER-ch Youth-U10 2022"]
[Site "Willingen"]
[Date "2022.06.09"]
[Round "8.22"]
[White "Lanert, Theodor"]
[Black "Andersen, Jonatan M"]
[Result "1-0"]
[ECO "C50"]
[WhiteElo "1306"]
[BlackElo "1857"]
[Annotator "NA RC COMBH"]
[PlyCount "133"]
[EventDate "2022.06.05"]
[EventType "swiss"]
[EventRounds "11"]
[EventCountry "GER"]
[SourceTitle "playchess.com"]
[Source "ChessBase"]
[SourceQuality "1"]
[TimeControl "40/4500+30:900+30"]

1. e4 e5 2. Nf3 Nc6 3. Bc4 Be7 4. O-O Nf6 5. d4 exd4 6. Re1 d6 7. Nxd4 O-O 8. Nc3 Ne5 9. Bb3 Ng6 10. h3 a6 11. Bg5 c5 12. Nf3 b5 13. a4 b4 14. Ne2 Nxe4 15. Bxe7 Nxe7 16. Bd5 Nxd5 17. Qxd5 Qc7 18. Qxe4 Bb7 19. Qg4 f5 20. Qf4 h6 21. Rad1 Rad8 22. c4 g5 23. Qe3 Rde8 24. Qd3 Rd8 25. Ng3 Qf7 26. Re2 f4 27. Nh1 Qf6 28. Rde1 Rd7 29. b3 h5 30. Re6 Qf5 31. Qxf5 Rxf5 32. Re8+ Kf7 33. Rh8 Kg6 34. Re6+ Kf7 35. Ree8 Kg6 36. Reg8+ Rg7 37. Rxg7+ Kxg7 38. Rd8 Bxf3 39. gxf3 Rf6 40. Ra8 Re6 41. Rxa6 Kf6 42. Kf1 h4 43. Ra8 Ke5 44. Ke2 Kd4+ 45. Kd2 d5 46. Rd8 Re5 47. Rxd5+ Rxd5 48. cxd5 Kxd5 49. Kd3 Kc6 50. Kc4 Kb6 51. a5+ Kxa5 52. Kxc5 Ka6 53. Kxb4 Kb6 54. Kc4 Kc6 55. b4 Kd6 56. b5 Kc7 57. Kc5 Kb7 58. b6 Kb8 59. Kc6 Kc8 60. b7+ Kb8 61. Kb6 g4 62. fxg4 f3 63. Kc6 Ka7 64. Kc7 Ka6 65. b8=Q Ka5 66. Qb3 Ka6 67. Qb6# 1-0

[Event "GER-ch Youth-U10 2022"]
[Site "Willingen"]
[Date "2022.06.09"]
[Round "8.23"]
[White "Menke, Raphael Wilhelm"]
[Black "Rinke, Alexander"]
[Result "1-0"]
[ECO "B18"]
[WhiteElo "1212"]
[BlackElo "1292"]
[Annotator "NA RC COMBH"]
[PlyCount "57"]
[EventDate "2022.06.05"]
[EventType "swiss"]
[EventRounds "11"]
[EventCountry "GER"]
[SourceTitle "playchess.com"]
[Source "ChessBase"]
[SourceQuality "1"]
[TimeControl "40/4500+30:900+30"]

1. e4 c6 2. d4 d5 3. Nc3 dxe4 4. Nxe4 Bf5 5. Ng3 Bg6 6. Nh3 h6 7. Nf4 Bh7 8. Bc4 Nf6 9. O-O e6 10. Re1 Be7 11. Bxe6 fxe6 12. Nxe6 Qd7 13. Nxg7+ Kf7 14. N3h5 Bg6 15. Qe2 Bb4 16. c3 Bd6 17. Qf3 Bxh5 18. Nxh5 Be7 19. Re3 Qg4 20. Rxe7+ Kxe7 21. Qxf6+ Kd7 22. Qf7+ Kc8 23. Bf4 Qd7 24. Qg6 Qh7 25. Qe6+ Qd7 26. Re1 Qxe6 27. Rxe6 Kd7 28. Rg6 Re8 29. Nf6+ 1-0

[Event "GER-ch Youth-U10 2022"]
[Site "Willingen"]
[Date "2022.06.09"]
[Round "8.25"]
[White "Leonhardt, Max"]
[Black "Khanbekyan, Aram"]
[Result "1-0"]
[ECO "E12"]
[WhiteElo "1114"]
[BlackElo "998"]
[Annotator "NA RC COMBH"]
[PlyCount "39"]
[EventDate "2022.06.05"]
[EventType "swiss"]
[EventRounds "11"]
[EventCountry "GER"]
[SourceTitle "playchess.com"]
[Source "ChessBase"]
[SourceQuality "1"]
[TimeControl "40/4500+30:900+30"]

1. d4 Nf6 2. c4 e6 3. Nc3 Bb4 4. Qc2 b6 5. Nf3 Bb7 6. Bg5 O-O 7. e3 d6 8. Bd3 g6 9. O-O-O Bxc3 10. Qxc3 Nbd7 11. Rdg1 c5 12. h4 h5 13. Rh3 a5 14. Qc2 a4 15. Bxg6 fxg6 16. Qxg6+ Kh8 17. Bh6 Rg8 18. Qc2 Ng4 19. Ng5 Ndf6 20. Nf7# 1-0

[Event "GER-ch Youth-U10 2022"]
[Site "Willingen"]
[Date "2022.06.09"]
[Round "8.27"]
[White "Wetzig, Karl Anton"]
[Black "Li, Joshua"]
[Result "0-1"]
[ECO "B45"]
[WhiteElo "884"]
[BlackElo "1599"]
[Annotator "NA RC COMBH"]
[PlyCount "28"]
[EventDate "2022.06.05"]
[EventType "swiss"]
[EventRounds "11"]
[EventCountry "GER"]
[SourceTitle "playchess.com"]
[Source "ChessBase"]
[SourceQuality "1"]
[TimeControl "40/4500+30:900+30"]

1. e4 c5 2. Nf3 e6 3. Nc3 Nc6 4. d4 cxd4 5. Nxd4 Nf6 6. Nxc6 bxc6 7. e5 Nd5 8. Nxd5 exd5 9. Bd3 Qc7 10. Qe2 Bc5 11. O-O O-O 12. Qg4 Qxe5 13. Re1 Qxe1+ 14. Bf1 Qxf2+ 0-1

[Event "GER-ch Youth-U10 2022"]
[Site "Willingen"]
[Date "2022.06.10"]
[Round "9.1"]
[White "Shen, Tingrui"]
[Black "Nezhyvenko, Mykhaylo"]
[Result "0-1"]
[ECO "B47"]
[WhiteElo "1621"]
[BlackElo "1488"]
[Annotator "NA RC COMBH"]
[PlyCount "62"]
[EventDate "2022.06.05"]
[EventType "swiss"]
[EventRounds "11"]
[EventCountry "GER"]
[SourceTitle "playchess.com"]
[Source "ChessBase"]
[SourceQuality "1"]
[TimeControl "40/4500+30:900+30"]

1. e4 c5 2. Nc3 Nc6 3. Nge2 e6 4. d4 cxd4 5. Nxd4 Qc7 6. g3 a6 7. Bg2 Nf6 8. O-O Be7 9. Re1 O-O 10. Nxc6 dxc6 11. e5 Rd8 12. Qf3 Nd5 13. h4 Bd7 14. Bg5 Bxg5 15. hxg5 Ne7 16. Qh5 Be8 17. Be4 f5 18. Qh3 fxe4 19. Qxe6+ Bf7 20. Qh3 Qxe5 21. Nxe4 Qf5 22. g4 Qf4 23. Ng3 Qxg5 24. Rad1 Rxd1 25. Rxd1 Nd5 26. c4 Nf4 27. Qf1 Qxg4 28. Re1 Kh8 29. Re4 Bg6 30. Re7 Rf8 31. Rxb7 h5 0-1

[Event "GER-ch Youth-U10 2022"]
[Site "Willingen"]
[Date "2022.06.10"]
[Round "9.2"]
[White "Li, Yunqi"]
[Black "Zhang, Yibo"]
[Result "0-1"]
[ECO "C54"]
[WhiteElo "1312"]
[BlackElo "1436"]
[Annotator "NA RC COMBH"]
[PlyCount "76"]
[EventDate "2022.06.05"]
[EventType "swiss"]
[EventRounds "11"]
[EventCountry "GER"]
[SourceTitle "playchess.com"]
[Source "ChessBase"]
[SourceQuality "1"]
[TimeControl "40/4500+30:900+30"]

1. e4 e5 2. Nf3 Nc6 3. Bc4 Bc5 4. c3 Nf6 5. d3 a6 6. Bb3 Ba7 7. Nbd2 O-O 8. Nf1 d5 9. Qe2 h6 10. h3 Re8 11. Ng3 Be6 12. Bc2 b5 13. O-O dxe4 14. dxe4 Bc4 15. Qe1 Bxf1 16. Kxf1 Qe7 17. Nf5 Qf8 18. Bd2 Rad8 19. b4 Ne7 20. N3h4 Nxf5 21. Nxf5 Rd7 22. f3 c5 23. a3 Red8 24. Bc1 Kh7 25. Qg3 Re8 26. Qh4 Re6 27. g4 Ng8 28. Ke2 cxb4 29. axb4 Qc8 30. Bd2 Qd8 31. Qxd8 Rxd8 32. Bb3 Rc6 33. Bxf7 Rf6 34. Bd5 Re8 35. h4 Ne7 36. Nxe7 Rxe7 37. g5 Rd6 38. Rg1 Bxg1 0-1